 Dungeon Crawl Stone Soup version 0.28-a0-828-g0121872642 (webtiles) character file.

Game seed: 14825280922567172102

989 porpoise the Magician (level 7, -2/33 (36) HPs)
             Began as a Deep Elf Conjurer on Nov 11, 2021.
             Slain by a wight (4 damage)
             ... on level 5 of the Dungeon.
             The game lasted 00:19:12 (6051 turns).

porpoise the Magician (Deep Elf Conjurer)           Turns: 6051, Time: 00:19:13

HP:   -2/33 (36)    AC:  4    Str:  5    XL:     7   Next: 98%
MP:   11/19         EV: 27    Int: 24    God:
Gold: 180           SH:  0    Dex: 13    Spells: 9/20 levels left

rFire   + . .      SeeInvis .   b - +0 hunting sling
rCold   . . .      Faith    .   (no shield)
rNeg    . . .      Spirit   .   e - +0 robe
rPois   .          Reflect  .   (no helmet)
rElec   .          Harm     .   w - +1 cloak
rCorr   .          Rampage  .   (no gloves)
Will    .....                   (no boots)
Stlth   ++........              s - amulet of the acrobat
HPRegen 0.11/turn               u - ring of protection from fire
MPRegen 0.16/turn               (no ring)

@: acrobatic, drained
A: no striking features
a: no special abilities


You were on level 5 of the Dungeon.
You visited 1 branch of the dungeon, and saw 5 of its levels.

You collected 180 gold pieces.

Inventory:

Hand Weapons
 a - a +3 short sword of venom
 b - a +0 hunting sling (weapon)
Missiles
 d - 14 stones (quivered ammo)
 i - 22 sling bullets
 l - 26 poisoned darts
 x - 2 boomerangs
Armour
 e - a +0 robe (worn)
 w - a +1 cloak (worn)
Jewellery
 s - an amulet of the acrobat (around neck)
 u - a ring of protection from fire (left hand)
Wands
 y - a wand of charming (9)
Scrolls
 g - a scroll of amnesia {unknown}
 h - a scroll of fog {unknown}
 k - a scroll of summoning {unknown}
 m - 3 scrolls of identify {unknown}
 n - 2 scrolls of acquirement {unknown}
 p - 2 scrolls of teleportation {unknown}
 r - a scroll of noise {unknown}
Potions
 c - a potion of flight {unknown}
 f - a potion of curing
 j - a potion of degeneration {unknown}
 o - a potion of cancellation {unknown}
 q - a potion of brilliance {unknown}
 t - a potion of magic {unknown}
 v - a potion of attraction {unknown}


   Skills:
 - Level 2.4 Dodging
 - Level 2.4 Stealth
 + Level 7.0 Spellcasting
 + Level 5.3 Conjurations
 - Level 7.0 Hexes
 - Level 5.0 Translocations


You had 9 spell levels left.
You knew the following spells:

 Your Spells              Type           Power      Damage    Failure   Level
a - Magic Dart            Conj           100%       1d8       1%          1
b - Searing Ray           Conj           68%        2d6       1%          2
c - Fulminant Prism       Conj/Hex       19%        3d11      5%          4
d - Iskenderun's Mystic   Conj/Tloc      33%        2d8       9%          4

Your spell library contained the following spells:

 Spells                   Type           Power      Damage    Failure   Level
 Dazzling Flash           Conj/Hex       76%        N/A       1%          3
 Summon Guardian Golem    Hex/Summ       25%        N/A       4%          3
 Summon Small Mammal      Summ           32%        N/A       7%          1
 Call Canine Familiar     Summ           8%         N/A       22%         3


Dungeon Overview and Level Annotations

Branches:
Dungeon (5/15)
 Temple: D:4-7

Altars:
Cheibriados
Kikubaaqudgha
Makhleb

Shops:
D:4 (


Message History

You destroy the wight! (Press . to maintain the ray.) Training target 5.0 for Translocations reached!
Your Translocations skill increases to level 5!
You need to enable at least one skill for training.
Training target 5.0 for Conjurations reached!
You start resting.
A wight comes into view.
It is wielding a +2 great sword of freezing.
Casting: Searing Ray (safe; 1% risk of failure)
Confirm with . or Enter, or press ? or * to list all spells.
Aiming: Searing Ray (safe; 1% risk of failure)
Press: ? - help, Shift-Dir - straight line, f - wight
Aim: a wight, wielding a +2 great sword of freezing and wearing a +0 robe (wandering, hasn't noticed you, 81% to hit)
The searing ray hits the wight but does no damage. (Press . to maintain the ray.)
The searing ray hits the wight.
The wight is lightly damaged.
The searing ray hits the wight!
The wight is severely damaged.
The wight closely misses you.
The searing ray hits the wight.
The wight is almost destroyed.
You finish channelling your searing ray.
The wight hits you with a +2 great sword of freezing!
You feel drained. The wight freezes you.
Casting: Searing Ray (safe; 1% risk of failure)
Confirm with . or Enter, or press ? or * to list all spells.
Aiming: Searing Ray (safe; 1% risk of failure)
Press: ? - help, Shift-Dir - straight line, f/p - wight
Aim: a wight, wielding a +2 great sword of freezing and wearing a +0 robe (almost destroyed, 81% to hit)
The searing ray hits the wight but does no damage.
The wight is almost destroyed. (Press . to maintain the ray.)
The wight hits you with a +2 great sword of freezing!
* * * LOW HITPOINT WARNING * * *
You feel drained. The wight freezes you.
* * * LOW HITPOINT WARNING * * *
The searing ray misses the wight.
The wight hits you with a +2 great sword of freezing.
You die...

#.....# #.....#
##......
###.....$#
.(.......#
##.......#
(....)...#
#.(..!†@.####...
....#..z<.......
........#...###.
#.....##.#...#
#)...# .# #.#
###.. ## .. #..
. #..


You could see a wight.

Vanquished Creatures
  3 ogres
  3 scorpions
  2 wights
  2 jellies (D:4)
  Crazy Yiuf (D:3)
  5 orc priests
  3 orc wizards
  4 gnolls (D:4)
  4 adders
  3 worms
  2 dart slugs
  12 orcs
  6 ball pythons
  2 endoplasms (D:3)
  4 giant cockroaches
  3 goblins (D:1)
  3 hobgoblins
  6 jackals
  7 kobolds
  4 quokkas
  4 bats
  A frilled lizard (D:2)
  5 rats
89 creatures vanquished.

Vanquished Creatures (others)
  2 fulminant prisms
  3 withered plants (D:3)
5 creatures vanquished.

Grand Total: 94 creatures vanquished

Notes
Turn   | Place    | Note
-------+----------+-------------------------------------------
     0 | D:1      | porpoise the Deep Elf Conjurer began the quest for the Orb.
     0 | D:1      | Reached XP level 1. HP: 10/10 MP: 6/6
   473 | D:1      | Reached XP level 2. HP: 15/15 MP: 6/8
   494 | D:1      | Learned a level 2 spell: Searing Ray
   998 | D:2      | Reached skill level 5 in Conjurations
   998 | D:2      | Reached XP level 3. HP: 19/19 MP: 7/10
  1301 | D:2      | Found a faded altar of an unknown god.
  2396 | D:3      | Found an ancient bone altar of Kikubaaqudgha.
  2489 | D:3      | Reached XP level 4. HP: 24/24 MP: 8/12
  2523 | D:3      | Learned a level 4 spell: Fulminant Prism
  2528 | D:3      | Learned a level 4 spell: Iskenderun's Mystic Blast
  2552 | D:3      | Reached skill level 5 in Spellcasting
  2552 | D:3      | Reached skill level 1 in Hexes
  2939 | D:3      | Reached XP level 5. HP: 28/28 MP: 8/14
  3414 | D:3      | Found a snail-covered altar of Cheibriados.
  3460 | D:3      | Found a burning altar of Makhleb.
  3460 | D:3      | Noticed a blizzard demon
  3463 | D:3      | Noticed a hellwing
  3463 | D:3      | Noticed a neqoxec
  3620 | D:3      | Found a runed translucent door.
  3621 | D:3      | Noticed Crazy Yiuf
  3630 | D:3      | Killed Crazy Yiuf
  3631 | D:3      | Reached XP level 6. HP: 18/32 MP: 7/17
  4282 | D:4      | Reached skill level 5 in Hexes
  4469 | D:4      | Reached skill level 1 in Translocations
  4562 | D:4      | Reached XP level 7. HP: 36/36 MP: 11/19
  4908 | D:4      | Found Vyiqofepp's Antique Weapon Shoppe.
  5629 | D:5      | Entered Level 5 of the Dungeon
  5992 | D:5      | Reached skill level 5 in Translocations
  6051 | D:5      | Slain by a wight

Illustrated notes

Levels and vault maps discovered:
D:1:      matt_arrival_refuge, layout_basic
D:2:      layout_basic, hellmonk_ecumenical_altar_inner_sanctum, minmay_tripent
D:3:      layout_loops_ring, kiku_gazebo_garden_becter,
          makhleb_altar_promises_db, marbit_many_paths,
          kennysheep_generic_room_3, uniq_crazy_yiuf_cottage
D:4:      layout_basic, serial_shops, shop
D:5:      layout_rooms

Skill      XL: |  1  2  3  4  5  6  7 |
---------------+----------------------+-----
Spellcasting   | 4 5 6 7 |  7.0
Conjurations   | 5 |  5.3
Hexes          | 2 4 5 7 |  7.0
Translocations | 1 5 |  5.0
Dodging        | |  2.4
Stealth        | |  2.4

Action                   |  1- 3 |  4- 6 |  7- 9 || total
-------------------------+-------+-------+-------++-------
Melee: Short sword       |     3 |       |       ||     3
 Fire: Hunting sling     |       |    16 |     7 ||    23
 Cast: Magic Dart        |    40 |    13 |     4 ||    57
       Searing Ray       |    12 |    31 |    16 ||    59
       Fulminant Prism   |       |     1 |     1 ||     2
       Iskenderun's Myst |       |       |     2 ||     2
  Use: Potion            |     1 |       |       ||     1
 Stab: Sleeping          |     1 |       |       ||     1
Armor: Robe              |     6 |     2 |     1 ||     9
Dodge: Dodged            |     6 |    14 |     9 ||    29

Table legend: (Time is in decaauts)
 A = Elapsed time spent in this place.
 B = Non-inter-level travel time spent in this place.
 C = Inter-level travel time spent in this place.
 D = Time resting spent in this place.
 E = Time spent auto-exploring this place.
 F = Levels seen in this place.
 G = Mean time per level.
                   A        B        C        D        E       F      G
               +--------+--------+--------+--------+--------+-----+--------+
         Total |   6056 |   5916 |    140 |   2671 |   2622 |   5 | 1211.2 |
       Dungeon |   6056 |   5916 |    140 |   2671 |   2622 |   5 | 1211.2 |
               +--------+--------+--------+--------+--------+-----+--------+

Top non-repeatable levels by time:
     D:4: 2049 daAuts
     D:3: 1666 daAuts
     D:2: 1564 daAuts
     D:1: 689 daAuts
     D:5: 86 daAuts
